 Dungeon Crawl Stone Soup version 0.28.0-47-ge53b351184 (webtiles) character file.

Game seed: 14613447600454221033

49 pkoi the Magician (level 3, -4/26 HPs)
             Began as a Demigod Hedge Wizard on May 10, 2022.
             Killed from afar by Ijyb (18 damage)
             ... with an iceblast
             ... on level 2 of the Dungeon.
             The game lasted 00:08:28 (3873 turns).

pkoi the Magician (Demigod Hedge Wizard)            Turns: 3873, Time: 00:08:28

Health: -4/26      AC:  5    Str: 11    XL:     3   Next: 32%
Magic:  4/10       EV: 12    Int: 20    God:
Gold:   214        SH:  0    Dex: 13    Spells: 0/8 levels left

rFire   . . .      SeeInvis .   d - staff of conjuration
rCold   . . .      Faith    .   (no shield)
rNeg    . . .      Spirit   .   b - +0 robe
rPois   .          Reflect  .   c - +1 hat
rElec   .          Harm     .   (no cloak)
rCorr   .          Rampage  .   l - +1 pair of gloves
Will    .....                   (no boots)
Stlth   ++........              (no amulet)
HPRegen 0.08/turn               (no ring)
MPRegen 0.12/turn               (no ring)

@: no status effects
A: high MP 1, forlorn, divine attributes
a: no special abilities


You were on level 2 of the Dungeon.
You visited 1 branch of the dungeon, and saw 3 of its levels.

You collected 214 gold pieces.

Inventory:

Hand Weapons
 a - a +1 dagger of freezing
Missiles
 j - 2 poisoned darts
Armour
 b - a +0 robe (worn)
 c - a +1 hat (worn)
 l - a +1 pair of gloves (worn)
Magical Staves
 d - a staff of conjuration (weapon)
Wands
 m - a wand of charming (5)
Scrolls
 f - a scroll of enchant armour
 g - 2 scrolls of identify
 k - a scroll of enchant weapon
Potions
 e - 2 potions of curing
 h - 5 potions of heal wounds {unknown}


   Skills:
 + Level 0.0 Armour
 - Level 1.7 Dodging
 - Level 1.7 Stealth
 - Level 3.0 Spellcasting
 * Level 2.6 Conjurations
 + Level 1.1 Summonings
 - Level 1.0 Translocations


You couldn't memorise any spells.
You knew the following spells:

 Your Spells              Type           Power      Damage    Failure   Level
a - Magic Dart            Conj           80%        1d7       4%          1
b - Blink                 Tloc           14%        N/A       14%         2
c - Call Imp              Summ           7%         N/A       13%         2
d - Conjure Flame         Conj/Fire      12%        6-21      26%         3

Your spell library contained the following spells:

 Spells                   Type           Power      Damage    Failure   Level
 Slow                     Hex            12%        N/A       14%         1
 Mephitic Cloud           Conj/Pois/Air  9%         N/A       30%         3
 Confusing Touch          Hex            3%         N/A       38%         3
 Vampiric Draining        Necr           3%         2d6       38%         3


Dungeon Overview and Level Annotations

Branches:
Dungeon (3/15)

Shops:
D:3 [

Annotations:
D:2 Ijyb


Innate Abilities, Weirdness & Mutations

You have an increased reservoir of magic. (+10% MP)
You shall have no god before yourself.
Your divine heritage dramatically boosts your attributes as you level up.


Message History

Ijyb shouts!
There is a stone staircase leading up here.
Ijyb is nearby!
Okay, then.
Okay, then.
Okay, then.
Casting: Magic Dart (safe; 4% risk of failure)
Confirm with . or Enter, or press ? or * to list all spells.
A beastly little devil appears in a puff of flame.
Unknown command.
Casting: Call Imp (safe; 13% risk of failure)
Confirm with . or Enter, or press ? or * to list all spells.
A beastly little devil appears in a puff of flame.
Your crimson imp disappears in a puff of smoke!
Ijyb misses you.
You feel a surge of power!
The magic dart hits Ijyb.
Ijyb is lightly wounded.
Ijyb hits you with a +0 club.
You feel a surge of power!
The magic dart hits Ijyb but does no damage.
Ijyb is lightly wounded.
Ijyb misses you.
Your crimson imp blinks!
You feel a surge of power!
The magic dart hits Ijyb but does no damage.
Ijyb is lightly wounded.
Ijyb hits you with a +0 club.
Your crimson imp hits Ijyb.
You feel a surge of power!
The magic dart hits Ijyb.
Ijyb is lightly wounded.
Ijyb hits you with a +0 club.
Your crimson imp blinks!
Ijyb hits you but does no damage.
You climb upwards.
There is a stone staircase leading down here.
Unknown command.
Ijyb zaps a wand.
The mass of ice explodes!
The iceblast engulfs you!
* * * LOW HITPOINT WARNING * * *
Ijyb zaps a wand.
The mass of ice explodes!
The iceblast engulfs you!!
Ouch! That really hurt!
You die...

#.# #........####.#..###### #.#
#........###..........#
#.#########........##............
..#..............................
#o###....##........>.............
#.###....###.......#.............
#.#.......#).....#...............
#.###............##..............
..# #....##.....@##.#............
#.# #######......##.#...........#
#.# #......##....########## #.#
#.....g##..#...#...## #.#
#......#..........).##
..#########........#...........#
#.#..............###...........#
#.#............................#
#.#######...#..######.........##


You could see Ijyb.

Vanquished Creatures
  A worm (D:2)
  A dart slug (D:3)
  5 ball pythons
  9 bats
  An endoplasm (D:1)
  5 giant cockroaches
  4 hobgoblins
  2 quokkas
  5 frilled lizards
  2 goblins
  3 kobolds
  6 rats
44 creatures vanquished.

Notes
Turn   | Place    | Note
-------+----------+-------------------------------------------
     0 | D:1      | pkoi the Demigod Hedge Wizard began the quest for the Orb.
     0 | D:1      | Reached XP level 1. HP: 14/14 MP: 6/6
    58 | D:1      | Reached skill level 1 in Conjurations
   431 | D:1      | Reached skill level 3 in Spellcasting
   431 | D:1      | Reached XP level 2. HP: 18/20 MP: 1/8
  1832 | D:2      | Learned a level 2 spell: Blink
  1914 | D:2      | Reached skill level 1 in Translocations
  2702 | D:1      | Learned a level 2 spell: Call Imp
  2750 | D:2      | Reached skill level 1 in Summonings
  2750 | D:2      | Reached XP level 3. HP: 23/26 MP: 2/10
  3103 | D:3      | Learned a level 3 spell: Conjure Flame
  3321 | D:3      | Noticed Ijyb
  3410 | D:3      | Found Urotadop's Antique Armour Emporium.
  3873 | D:2      | Killed from afar by Ijyb

Illustrated notes

Levels and vault maps discovered:
D:1:      giann_wishing_wells, layout_basic, chequers_ecumenical_altar_simple
D:2:      minmay_door_path, layout_rooms
D:3:      layout_basic, fiery_altar_vehumet, serial_shops, shop_coins,
          nicolae_elevator_lobby_asterisk, uniq_ijyb

Skill      XL: |  1  2 |
---------------+-------+-----
Conjurations   | 1 2 |  2.6
Spellcasting   | 3 |  3.0
Translocations | 1 |  1.0
Summonings     | 1 |  1.1
Dodging        | |  1.7
Stealth        | |  1.7

Action                   || total
-------------------------++-------
Melee: Staff             ||     5
 Cast: Magic Dart        ||   124
       Call Imp          ||     2
  Use: Scroll            ||     9
Armor: Robe              ||    13
Dodge: Dodged            ||    23
